 Dungeon Crawl Stone Soup version 0.23-a0-183-gf37f6fb (webtiles) character file.

135 namelastname112 the Sneak (level 4, -4/37 HPs)
             Began as a Draconian Assassin on Sept 21, 2018.
             Slain by an orc
             ... wielding a +2 hand axe of freezing
              (7 damage)
             ... on level 3 of the Dungeon.
             The game lasted 00:03:24 (1993 turns).

namelastname112 the Sneak (Draconian Assassin)      Turns: 1993, Time: 00:03:24

Health: -4/37      AC: 13    Str: 13    XL:     4   Next: 96%
Magic:  5/5        EV: 12    Int: 15    God:
Gold:   84         SH:  4    Dex: 13    Spells: 2/4 levels left

rFire    + . .     SeeInvis .   p - +1 dagger (protect)
rCold    . . .     Gourm    .   (no shield)
rNeg     . . .     Faith    .   (armour unavailable)
rPois    .         Spirit   .   (helmet restricted)
rElec    .         Reflect  +   c - +0 cloak
rCorr    .         Harm     .   (no gloves)
MR       .....                  (no boots)
Stlth    +++.......             m - +4 amulet of reflection
HPRegen  0.12/turn              j - +3 ring of intelligence
MPRegen  0.09/turn              t - ring of protection from fire

@: protection aura
A: unfitting armour, cold-blooded, AC +5
a: no special abilities


You were on level 3 of the Dungeon.
You were hungry.

You visited 1 branch of the dungeon, and saw 3 of its levels.

You collected 84 gold pieces.

Inventory:

Hand Weapons
 a - a +2 dagger
 b - a +0 blowgun
 p - a +1 dagger of protection (weapon)
Missiles
 d - 25 poisoned needles
 e - 2 curare-tipped needles
Armour
 c - a +0 cloak (worn)
Jewellery
 j - a +3 ring of intelligence (left hand)
 m - a +4 amulet of reflection (around neck)
 t - a ring of protection from fire (right hand)
Scrolls
 g - 3 scrolls of remove curse {unknown}
 h - a scroll of amnesia {unknown}
 l - 8 scrolls of identify {unknown}
 n - a scroll of noise {unknown}
 q - 2 scrolls of random uselessness {unknown}
 s - a scroll of teleportation {unknown}
 u - a scroll of enchant weapon {unknown}
 y - a scroll of magic mapping {unknown}
Potions
 i - a potion of ambrosia {unknown}
 k - a potion of mutation {unknown}
 o - a potion of magic
 r - a potion of heal wounds {unknown}
 v - a potion of degeneration {unknown}
 w - a potion of invisibility {unknown}
 x - a potion of curing {unknown}
Comestibles
 f - 7 rations


   Skills:
 + Level 2.8 Fighting
 + Level 3.0 Short Blades
 + Level 2.3 Throwing
 + Level 1.6 Dodging
 + Level 4.3 Stealth
 + Level 0.7 Spellcasting
 + Level 0.6 Hexes


You had 2 spell levels left.
You knew the following spells:

 Your Spells              Type           Power        Failure   Level  Hunger
z - Ensorcelled Hibernat  Hex/Ice        #.....       32%         2    ###....

Your spell library contained the following spells:

 Spells                   Type           Power        Failure   Level  Hunger
 Corona                   Hex            #......      19%         1    ##.....
 Confuse                  Hex            #.......     50%         3    ####...
 Tukima's Dance           Hex            #.......     50%         3    ####...
 Dazzling Spray           Conj/Hex       #.....       54%         3    ####...


Dungeon Overview and Level Annotations

Branches:
Dungeon (3/15)

Altars:
Cheibriados
Elyvilon
Fedhas
Okawaru
Wu Jian


Innate Abilities, Weirdness & Mutations

Your plain brown scales are hard. (AC +5)
You cannot fit into any form of body armour.
You are cold-blooded and may be slowed by cold attacks.


Message History

The orc hits you with a hand axe of freezing.
* * * LOW HITPOINT WARNING * * *
You feel yourself slow down. The orc freezes you.
* * * LOW HITPOINT WARNING * * *
You take 3 damage, and have 9/37 hp.
You hit the orc but do no damage.
You tail-slap the orc, but do no damage.
The orc is severely wounded.
You block the orc's attack.
You hit the orc but do no damage.
The orc is severely wounded.
You feel yourself speed up.
The orc hits you with a hand axe of freezing.
* * * LOW HITPOINT WARNING * * *
The orc freezes you.
* * * LOW HITPOINT WARNING * * *
You take 6 damage, and have 3/37 hp.
It was a potion of magic.
Magic courses through your body.
The orc hits you with a hand axe of freezing!
You die...

....## #.#
.....###.#####.........#
.....................>.#
.......................#
#........####......>...#
.......................#
#####.##.####..........#
#.##.#####..o......#
#...........@.....##
#.###.####.......... #.#
#<..............
##.###.####........#.
#...........########
#)########### .. ##


You could see an orc.

Vanquished Creatures
  An orc priest (D:3)
  2 adders
  2 oozes (D:1)
  2 worms
  4 dart slugs
  A leopard gecko (D:3)
  4 orcs (D:2)
  10 bats
  4 giant cockroaches
  7 goblins
  8 hobgoblins
  2 jackals (D:1)
  2 ball pythons
  2 frilled lizards
  6 kobolds
  5 rats
62 creatures vanquished.

Notes
Turn   | Place    | Note
-------+----------+-------------------------------------------
     0 | D:1      | namelastname112 the Draconian Assassin began the quest for
                  | the Orb.
     0 | D:1      | Reached XP level 1. HP: 17/17 MP: 1/1
    87 | D:1      | Reached skill level 1 in Dodging
   108 | D:1      | Reached XP level 2. HP: 15/24 MP: 2/2
   309 | D:1      | Reached skill level 4 in Stealth
   313 | D:1      | Reached XP level 3. HP: 24/30 MP: 3/3
   580 | D:2      | Found a blossoming altar of Fedhas.
   602 | D:2      | Learned a level 2 spell: Ensorcelled Hibernation
  1013 | D:2      | Reached XP level 4. HP: 28/37 MP: 1/4
  1811 | D:3      | Found a white marble altar of Elyvilon.
  1811 | D:3      | Found an ornate altar of the Wu Jian Council.
  1818 | D:3      | Found an iron altar of Okawaru.
  1820 | D:3      | Found a snail-covered altar of Cheibriados.
  1821 | D:3      | Found a faded altar of an unknown god.
  1993 | D:3      | Slain by an orc

Vault maps used:
D:1:      lightli_arrival_noodles
D:2:      fedhas_altar_1, serial_co_window_serial, co_window_paths_a,
          co_window_paths_b, co_window_corner_a, co_window_paths_a,
          co_window_of_opportunity_a, co_window_corner_a, co_window_corner_a,
          co_window_2corner, co_window_broadway_b, co_window_corner_b,
          co_window_corner_b, co_window_of_opportunity_b, co_window_broadway_c,
          co_window_paths_d, glass_columns_a, glass_columns_a, glass_columns_a,
          glass_columns_a
D:3:      grunt_temple_overflow_opulence, chequers_temple_overflow_minitemple,
          first_ration, chequers_big_river

Skill      XL: |  1  2  3  4 |
---------------+-------------+-----
Dodging        | 1 |  1.6
Throwing       | 2 |  2.3
Stealth        | 4 |  4.3
Short Blades   | 3 |  3.0
Fighting       | |  2.8
Spellcasting   | |  0.7
Hexes          | |  0.6

Action                   |  1- 3 |  4- 6 || total
-------------------------+-------+-------++-------
Melee: Dagger            |   138 |   116 ||   254
       Tailslap          |    13 |    19 ||    32
  Use: Potion            |       |     1 ||     1
 Stab: Sleeping          |    12 |     2 ||    14
       Distracted        |     1 |       ||     1
  Eat: Chunk             |       |     3 ||     3
Armor: Skin              |    37 |    35 ||    72
Dodge: Dodged            |    54 |    72 ||   126
Block: Other             |     6 |    13 ||    19
       Reflection        |       |     1 ||     1

Table legend:
 A = Non-vault XP
 B = Vault XP
 C = Vault XP percentage of total XP
 D = Non-vault monster count
 E = Vault monster count
 F = Vault count percentage of total count
                 A         B        C        D         E       F
            +---------+---------+-------+---------+---------+-------
      Total |     193 |       0 |   0.0 |      62 |       0 |   0.0
            +---------+---------+-------+---------+---------+-------
        D:1 |      60 |       0 |   0.0 |      29 |       0 |   0.0
        D:2 |      55 |       0 |   0.0 |      20 |       0 |   0.0
        D:3 |      78 |       0 |   0.0 |      13 |       0 |   0.0
            +---------+---------+-------+---------+---------+-------
